 Dungeon Crawl Stone Soup version 0.32-a0-791-gfc315c9ecd (webtiles) character file.

Game seed: 6491395714169791188

526 garrulousMonolith the Digger (level 7, -2/40 HPs)
             Began as a Gargoyle Earth Elementalist on Mar 20, 2024.
             Was a Follower of Vehumet.
             Slain by Duvessa
             ... wielding a +6 short sword of draining
              (15 damage)
             ... on level 5 of the Dungeon.
             The game lasted 00:04:43 (3717 turns).

garrulousMonolith the Digger (GrEE)                 Turns: 3717, Time: 00:04:43

Health: -2/40      AC: 12    Str: 12    XL:     7   Next: 23%
Magic:  7/11       EV: 10    Int: 17    God:    Vehumet [*.....]
Gold:   182        SH:  0    Dex: 10    Spells: 5/12 levels left

rFire   . . .        d - +0 dagger
rCold   . . .        (no shield)
rNeg    + . .        v - +0 leather armour
rPois   ∞            w - +2 helmet
rElec   +            a - +0 cloak
rCorr   .            (no gloves)
SInv    .            (no boots)
Will    .....        (no amulet)
Stlth   ++           (no ring)
HPRegen 0.26/turn    (no ring)
MPRegen 0.12/turn

%: no passive effects
@: no status effects
A: sickness immunity, AC +4, negative energy resistance 1, electricity
resistance, torment resistance 1, petrification resistance
a: Renounce Religion


You were on level 5 of the Dungeon.
You worshipped Vehumet.
Vehumet was aware of your devotion.
You visited 2 branches of the dungeon, and saw 6 of its levels.

You collected 182 gold pieces.

Inventory:

Hand Weapons
 d - a +0 dagger (weapon)
 g - a +0 sling
Missiles
 m - 7 boomerangs
Armour
 a - a +0 cloak (worn)
 v - a +0 leather armour (worn)
 w - a +2 helmet (worn)
Jewellery
 C - a +6 ring of intelligence
Wands
 c - a wand of charming (9)
Scrolls
 e - a scroll of vulnerability {unknown}
 f - a scroll of revelation {unknown}
 i - a scroll of fear {unknown}
 j - a scroll of noise {unknown}
 k - a scroll of silence {unknown}
 l - a scroll of fog {unknown}
 n - a scroll of enchant armour {unknown}
 p - a scroll of immolation {unknown}
 q - a scroll of butterflies {unknown}
 s - a scroll of enchant weapon {unknown}
 y - a scroll of torment {unknown}
 A - a scroll of amnesia {unknown}
 B - 2 scrolls of teleportation {unknown}
Potions
 b - 2 potions of magic
 h - a potion of enlightenment {unknown}
 o - a potion of curing {unknown}
 r - 2 potions of heal wounds
 t - 2 potions of might
 u - 2 potions of attraction {unknown}
 x - a potion of haste {unknown}
 z - a potion of ambrosia {unknown}


   Skills:
 + Level 2.9 Fighting
 + Level 2.7 Armour
 - Level 1.5 Dodging
 - Level 2.1 Stealth
 + Level 3.1 Spellcasting
 * Level 4.2 Conjurations
 * Level 5.9 Earth Magic


You had 5 spell levels left.
You knew the following spells:

 Your Spells              Type           Power      Damage    Failure   Level
a - Sandblast             Erth           44%        2d11      1%          1
b - Stone Arrow           Conj/Erth      40%        3d9       9%          3
c - Passwall              Erth           22%        N/A       6%          3

Your spell library contained the following spells:

 Spells                   Type           Power      Damage    Failure   Level
 Magic Dart               Conj           68%        1d6       3%          1
 Brom's Barrelling Bould  Conj/Erth      20%        2d4       26%         4
 Frozen Ramparts          Ice            4%         1d1       54%         3
 Ozocubu's Armour         Ice            2%         N/A       54%         3
 Petrify                  Alch/Erth      12%        N/A       54%         4
 Metabolic Englaciation   Hex/Ice        1%         N/A       99%         5


Dungeon Overview and Level Annotations

Branches:
Dungeon (5/15)             Temple (1/1) D:5

Altars:
Dithmenos
Fedhas
Gozag
Kikubaaqudgha
Okawaru
Qazlal
Ru
Uskayaw
Vehumet
Xom
Yredelemnul
The Shining One
Jiyva

Annotations:
D:5 Duvessa


Innate Abilities, Weirdness & Mutations

You are immune to sickness and miasma.
Your stone body is resilient. (AC +4)
You are immune to poison.
You resist negative energy. (rN+)
You are resistant to electric shocks. (rElec)
You are resistant to unholy torment.
You are immune to petrification.


Message History

Confirm with . or Enter, or press ? or * to list all spells.
You can't see any susceptible monsters within range! (Use Z to cast anyway.) Duvessa goes berserk!
Casting: Sandblast (safe; 1% risk of failure)
Confirm with . or Enter, or press ? or * to list all spells.
You can't see any susceptible monsters within range! (Use Z to cast anyway.)
Casting: Sandblast (safe; 1% risk of failure)
Confirm with . or Enter, or press ? or * to list all spells.
Aiming: Sandblast (safe; 1% risk of failure)
Press: ? - help, Shift-Dir - straight line, f - Duvessa
Aim: Duvessa, wielding a +6 short sword of draining and wearing a +0 ring mail (berserk, 87% to hit)
The blast of sand hits Duvessa!
Duvessa is moderately wounded.
Casting: Sandblast (safe; 1% risk of failure)
Confirm with . or Enter, or press ? or * to list all spells.
Aiming: Sandblast (safe; 1% risk of failure)
Press: ? - help, Shift-Dir - straight line, f/p - Duvessa
Aim: Duvessa, wielding a +6 short sword of draining and wearing a +0 ring mail (moderately wounded, berserk, 87% to hit)
The blast of sand hits Duvessa.
Duvessa is heavily wounded.
Duvessa hits you with a +6 short sword of draining.
Duvessa hits you with a +6 short sword of draining!
Casting: Sandblast (safe; 1% risk of failure)
Confirm with . or Enter, or press ? or * to list all spells.
Aiming: Sandblast (safe; 1% risk of failure)
Press: ? - help, Shift-Dir - straight line, f/p - Duvessa
Aim: Duvessa, wielding a +6 short sword of draining and wearing a +0 ring mail (heavily wounded, berserk, 87% to hit)
The blast of sand hits Duvessa.
Duvessa is heavily wounded.
Duvessa hits you with a +6 short sword of draining! x2
* * * LOW HITPOINT WARNING * * *
Casting: Sandblast (safe; 1% risk of failure)
Confirm with . or Enter, or press ? or * to list all spells.
Aiming: Sandblast (safe; 1% risk of failure)
Press: ? - help, Shift-Dir - straight line, f/p - Duvessa
Aim: Duvessa, wielding a +6 short sword of draining and wearing a +0 ring mail (heavily wounded, berserk, 87% to hit)
The blast of sand hits Duvessa.
Duvessa is heavily wounded.
Duvessa hits you with a +6 short sword of draining!
You die...

.# #. #.....# ##.##.#...
#.....# .. # ##
.......#.#.#### ..
.........#.e@.#####.#
..$.......###.##....#
.................#
.........###......###
.........#######....##
##..........# ###...#####..
#.........#.#### ##.........
#.........#...e######.#####.
#.........####.....#[.[..>#


You could see Duvessa (berserk).

Vanquished Creatures
  A phantom (D:4)
  A scorpion (D:4)
  Dowan (D:5)
  3 hounds
  An orc priest (D:5)
  Crazy Yiuf (D:2)
  An iguana (D:5)
  An orc wizard (D:3)
  5 adders
  3 dart slugs
  4 ribbon worms
  6 orcs
  6 endoplasms
  4 giant cockroaches
  6 goblins
  7 hobgoblins
  3 quokkas
  9 ball pythons
  7 bats
  5 frilled lizards
  6 kobolds
  7 rats
88 creatures vanquished.

Vanquished Creatures (others)
  A human (D:3)
1 creature vanquished.

Grand Total: 89 creatures vanquished

Notes
Turn   | Place    | Note
-------+----------+-------------------------------------------
     0 | D:1      | garrulousMonolith the Gargoyle Earth Elementalist began the
                  | quest for the Orb.
     0 | D:1      | Reached XP level 1. HP: 10/10 MP: 3/3
   230 | D:1      | Reached XP level 2. HP: 16/16 MP: 0/5
   346 | D:1      | Reached skill level 4 in Earth Magic
   738 | D:1      | Reached XP level 3. HP: 20/20 MP: 3/6
   739 | D:1      | Reached skill level 1 in Fighting
   879 | D:1      | Found a faded altar of an unknown god.
  1012 | D:2      | Reached skill level 1 in Armour
  1181 | D:2      | Reached XP level 4. HP: 25/25 MP: 3/7
  1349 | D:2      | Learned a level 3 spell: Stone Arrow
  1353 | D:2      | Learned a level 3 spell: Passwall
  1601 | D:2      | Found a blossoming altar of Fedhas.
  1675 | D:2      | Found a runed translucent door.
  1676 | D:2      | Noticed Crazy Yiuf
  1791 | D:2      | Killed Crazy Yiuf
  2018 | D:3      | Reached XP level 5. HP: 30/30 MP: 1/8
  2089 | D:3      | Found a radiant altar of Vehumet.
  2091 | D:3      | Identified the granite talisman of the Good {rF+ MP+9}
  2109 | D:3      | Became a worshipper of Vehumet
  2265 | D:3      | Found an ancient bone altar of Kikubaaqudgha.
  2266 | D:3      | Noticed a human
  2268 | D:3      | Killed a human
  2671 | D:4      | Reached skill level 5 in Earth Magic
  2671 | D:4      | Reached XP level 6. HP: 30/35 MP: 3/10
  3012 | D:4      | Found an opulent altar of Gozag.
  3338 | D:4      | Reached * piety under Vehumet
  3338 | D:4      | Offered knowledge of Magic Dart by Vehumet.
  3498 | D:5      | Entered Level 5 of the Dungeon
  3508 | D:5      | Reached XP level 7. HP: 23/40 MP: 2/11
  3586 | D:5      | Noticed Duvessa
  3586 | D:5      | Noticed Dowan
  3599 | D:5      | Found a staircase to the Ecumenical Temple.
  3608 | D:5      | Killed Dowan
  3656 | Temple   | Entered the Ecumenical Temple
  3717 | D:5      | Slain by Duvessa

Illustrated notes

Levels and vault maps discovered:
D:1:      saegor_arrival_simple_e, layout_loops_ring,
          shapermc_ecumenical_altar_mp_urbaneastern, serial_park_tiny_2
D:2:      layout_rooms, basic_altar, kennysheep_generic_room_8,
          uniq_crazy_yiuf_cottage
D:3:      layout_rooms, tgw_kikubaaqudgha, mainiacjoe_overflow_brackets,
          minmay_crystal_room
D:4:      layout_cave_pools, nicolae_gozag_seed_capital
D:5:      due_chaos_kobolds, layout_rooms, minmay_temple_entry_proselytizer,
          uniq_prince_ribbit1, uniq_duvessa
Temple:   pf_slimified_temple

Skill      XL: |  1  2  3  4  5  6 |
---------------+-------------------+-----
Earth Magic    | 4 5 |  5.9
Fighting       | 1 2 |  2.9
Armour         | 1 2 |  2.7
Conjurations   | 2 3 4 |  4.2
Spellcasting   | 3 |  3.1
Dodging        | |  1.5
Stealth        | |  2.1

Action                     |  1- 3 |  4- 6 |  7- 9 || total
---------------------------+-------+-------+-------++-------
  Melee: Dagger            |    10 |    10 |       ||    20
   Cast: Sandblast         |    51 |   103 |    10 ||   164
    Use: Scroll            |       |     3 |       ||     3
         Potion            |       |     2 |       ||     2
 Armour: Robe              |    19 |     1 |       ||    20
         Leather armour    |       |   107 |     7 ||   114
  Dodge: Dodged            |    18 |    45 |     3 ||    66

Table legend: (Time is in decaauts)
 A = Elapsed time spent in this place.
 B = Non-inter-level travel time spent in this place.
 C = Inter-level travel time spent in this place.
 D = Time resting spent in this place.
 E = Time spent auto-exploring this place.
 F = Levels seen in this place.
 G = Mean time per level.
                   A        B        C        D        E       F      G
               +--------+--------+--------+--------+--------+-----+--------+
         Total |   3778 |   3697 |     81 |    708 |   2290 |   6 |  629.7 |
       Dungeon |   3733 |   3652 |     81 |    708 |   2290 |   5 |  746.6 |
        Temple |     44 |     44 |      0 |      0 |      0 |   1 |   44.0 |
               +--------+--------+--------+--------+--------+-----+--------+

Top non-repeatable levels by time:
     D:1: 959 daAuts
     D:2: 918 daAuts
     D:4: 875 daAuts
     D:3: 797 daAuts
     D:5: 183 daAuts
  Temple: 44 daAuts
